TOP OF THE 1ST |
Athletic Club KC batting - Pitching for Buckhead Bowties : RHP Yin-fat Foong
|
Pitching: RHP Yin-fat Foong
|
|
Batting: RHB Jorge Trevino
|
0-0: DOUBLE (Groundball, 5L)
|
Batting: SHB David Henderson
|
0-0: Called Strike 0-1: Called Strike 0-2: Fly out, F5 (Popup, 5L)
|
Batting: RHB Ramón Souza
|
0-0: Called Strike 0-1: Ball 1-1: Ball 2-1: Ground out 5-3 (Groundball, 5L)
|
Batting: RHB John Downing
|
0-0: Ball 1-0: Ball 2-0: Called Strike 2-1: Foul Ball, location: 2F 2-2: Ball 3-2: SINGLE (Groundball, 6MD) Jorge Trevino to third Jorge Trevino scores
|
Batting: RHB Ed Hopkins
|
0-0: Ball 1-0: Ball 2-0: Ground out 5-3 (Groundball, 56)
|
Top of the 1st over - 1 run(s), 2 hit(s), 0 error(s), 1 left on base; Athletic Club KC 1 - Buckhead 0 |
BOTTOM OF THE 1ST |
Buckhead Bowties batting - Pitching for Athletic Club KC : RHP John Kaufman
|
Pitching: RHP John Kaufman
|
|
Batting: RHB Aaron Phillips
|
0-0: Swinging Strike 0-1: Ground out 6-3 (Groundball, 6D)
|
Batting: LHB Neil Lawson
|
0-0: Ball 1-0: SINGLE (Line Drive, 9M)
|
Batting: RHB Pedro Morales
|
0-0: Ball 1-0: Swinging Strike 1-1: Called Strike 1-2: Ball 2-2: SINGLE (Groundball, 56D) Neil Lawson to second
|
Batting: LHB Tony Martínez
|
0-0: Ball 1-0: Ball 2-0: Called Strike 2-1: Foul Ball, location: 2F 2-2: Foul Ball, location: 2F 2-2: SINGLE (Line Drive, 7S) Neil Lawson to third Pedro Morales to second Runner from 3rd tries for Home, SAFE, no throw or cutoff
|
Batting: RHB Enrique Marroquín
|
0-0: Called Strike Pedro Morales is caught stealing 3rd base Tony Martínez to second 0-1: Ball 1-1: 2-RUN HOME RUN (Flyball, 7D), Distance : 410 ft
|
Batting: RHB Gabriel Rodríguez
|
0-0: Ball 1-0: Ball 2-0: Fly out, F8 (Flyball, 8RM)
|
Bottom of the 1st over - 3 run(s), 4 hit(s), 0 error(s), 0 left on base; Athletic Club KC 1 - Buckhead 3 |
TOP OF THE 2ND |
Athletic Club KC batting - Pitching for Buckhead Bowties : RHP Yin-fat Foong
|
Batting: RHB Rick Atkinson
|
0-0: Foul Ball, location: 2F 0-1: Swinging Strike 0-2: Ball 1-2: Ball 2-2: Strikes out swinging
|
Batting: LHB Rafael García
|
0-0: Ball 1-0: Called Strike 1-1: Foul Ball, location: 2F 1-2: Strikes out swinging
|
Batting: LHB Bob Davis
|
0-0: Foul Ball, location: 2F 0-1: Ball 1-1: Fly out, F7 (Flyball, 7D)
|
Top of the 2nd over - 0 run(s), 0 hit(s), 0 error(s), 0 left on base; Athletic Club KC 1 - Buckhead 3 |
BOTTOM OF THE 2ND |
Buckhead Bowties batting - Pitching for Athletic Club KC : RHP John Kaufman
|
Batting: RHB Joe Andrews
|
0-0: Called Strike 0-1: Ball 1-1: Foul Ball, location: 2F 1-2: Ball 2-2: SINGLE (Groundball, 56D)
|
Batting: RHB Dave King
|
0-0: SINGLE (Flyball, 9S) Joe Andrews to second Runner from 2nd tries for 3rd, SAFE, throw made to third
|
Batting: RHB Greg Robinson
|
0-0: Ball 1-0: Ball 2-0: Ball 3-0: SINGLE (Groundball, 5) (infield hit) Joe Andrews scores Dave King to second
|
Batting: RHB Aaron Phillips
|
0-0: Called Strike 0-1: Swinging Strike 0-2: Ground out 5-3 (Groundball, 5S) Dave King to third Greg Robinson to second
|
Batting: LHB Neil Lawson
|
0-0: Fly out, F7 (Flyball, 78M) Runner from 3rd tags up, SCORES, throw made
|
Batting: RHB Pedro Morales
|
0-0: Ball 1-0: Ball 2-0: Foul Ball, location: 2F 2-1: Foul Ball, location: 2F 2-2: Ball 3-2: Fly out, F6 (Line Drive, 6)
|
Bottom of the 2nd over - 2 run(s), 3 hit(s), 0 error(s), 1 left on base; Athletic Club KC 1 - Buckhead 5 |
TOP OF THE 3RD |
Athletic Club KC batting - Pitching for Buckhead Bowties : RHP Yin-fat Foong
|
Batting: RHB Javier Díaz
|
0-0: Foul Ball, location: 2F 0-1: Foul Ball, location: 2F 0-2: Foul Ball, location: 2F 0-2: Ball 1-2: Strikes out swinging
|
Batting: RHB Jorge Trevino
|
0-0: Fly out, F7 (Line Drive, 7S)
|
Batting: SHB David Henderson
|
0-0: Ball 1-0: Fly out, F8 (Flyball, 8LS)
|
Top of the 3rd over - 0 run(s), 0 hit(s), 0 error(s), 0 left on base; Athletic Club KC 1 - Buckhead 5 |
BOTTOM OF THE 3RD |
Buckhead Bowties batting - Pitching for Athletic Club KC : RHP John Kaufman
|
Batting: LHB Tony Martínez
|
0-0: Ball 1-0: Ball 2-0: Ground out 6-3 (Groundball, 6M)
|
Batting: RHB Enrique Marroquín
|
0-0: Ball 1-0: Fly out, F8 (Line Drive, 8RM)
|
Batting: RHB Gabriel Rodríguez
|
0-0: DOUBLE (Flyball, 89D)
|
Batting: RHB Joe Andrews
|
0-0: Ball 1-0: Foul Ball, location: 2F 1-1: Foul Ball, location: 2F 1-2: Strikes out swinging
|
Bottom of the 3rd over - 0 run(s), 1 hit(s), 0 error(s), 1 left on base; Athletic Club KC 1 - Buckhead 5 |
TOP OF THE 4TH |
Athletic Club KC batting - Pitching for Buckhead Bowties : RHP Yin-fat Foong
|
Batting: RHB Ramón Souza
|
0-0: Ground out 5-3 (Groundball, 5S)
|
Batting: RHB John Downing
|
0-0: Ball 1-0: Ball 2-0: Fly out, F7 (Flyball, 78D)
|
Batting: RHB Ed Hopkins
|
0-0: Called Strike 0-1: Ball 1-1: Ball 2-1: Called Strike 2-2: Strikes out swinging
|
Top of the 4th over - 0 run(s), 0 hit(s), 0 error(s), 0 left on base; Athletic Club KC 1 - Buckhead 5 |
BOTTOM OF THE 4TH |
Buckhead Bowties batting - Pitching for Athletic Club KC : RHP John Kaufman
|
Batting: RHB Dave King
|
0-0: Ball 1-0: Foul Ball, location: 2F 1-1: Ball 2-1: Foul Ball, location: 2F 2-2: Strikes out swinging
|
Batting: RHB Greg Robinson
|
0-0: Foul Ball, location: 2F 0-1: Called Strike 0-2: Ball 1-2: Strikes out swinging
|
Batting: RHB Aaron Phillips
|
0-0: Ball 1-0: Ball 2-0: Swinging Strike 2-1: Swinging Strike 2-2: Ball 3-2: Foul Ball, location: 2F 3-2: Foul Ball, location: 2F 3-2: Fly out, F9 (Line Drive, 89M)
|
Bottom of the 4th over - 0 run(s), 0 hit(s), 0 error(s), 0 left on base; Athletic Club KC 1 - Buckhead 5 |
TOP OF THE 5TH |
Athletic Club KC batting - Pitching for Buckhead Bowties : RHP Yin-fat Foong
|
Batting: RHB Rick Atkinson
|
0-0: Ball 1-0: Ball 2-0: Ball 3-0: Fly out, F8 (Flyball, 8LS)
|
Batting: LHB Rafael García
|
0-0: Ball 1-0: Fly out, F7 (Flyball, 7LS)
|
Batting: LHB Bob Davis
|
0-0: Called Strike 0-1: SINGLE (Line Drive, 56D)
|
Batting: RHB Javier Díaz
|
0-0: Ball 1-0: Foul Ball, location: 2F 1-1: Fielders Choice at 2nd, 6-4 (Groundball, 6)
|
Top of the 5th over - 0 run(s), 1 hit(s), 0 error(s), 0 left on base; Athletic Club KC 1 - Buckhead 5 |
BOTTOM OF THE 5TH |
Buckhead Bowties batting - Pitching for Athletic Club KC : RHP John Kaufman
|
Batting: LHB Neil Lawson
|
0-0: Foul Ball, location: 2F 0-1: Ball 1-1: SINGLE (Groundball, 3L)
|
Batting: RHB Pedro Morales
|
0-0: Foul Ball, location: 2F 0-1: Ball 1-1: Foul Ball, location: 2F 1-2: Ball 2-2: Strikes out swinging
|
Batting: LHB Tony Martínez
|
0-0: Ball 1-0: Swinging Strike 1-1: Ball 2-1: Ball 3-1: Swinging Strike 3-2: Strikes out swinging Neil Lawson steals 2nd base Batter strikes out.
|
Batting: RHB Enrique Marroquín
|
0-0: Called Strike 0-1: Swinging Strike 0-2: Ball 1-2: Ball 2-2: Ball 3-2: Fly out, F4 (Popup, 9LS)
|
Bottom of the 5th over - 0 run(s), 1 hit(s), 0 error(s), 1 left on base; Athletic Club KC 1 - Buckhead 5 |
TOP OF THE 6TH |
Athletic Club KC batting - Pitching for Buckhead Bowties : RHP Yin-fat Foong
|
Batting: RHB Jorge Trevino
|
0-0: Called Strike 0-1: Fly out, F8 (Flyball, 8LM)
|
Batting: SHB David Henderson
|
0-0: Called Strike 0-1: Ball 1-1: SINGLE (Line Drive, 89M)
|
Batting: RHB Ramón Souza
|
0-0: Called Strike 0-1: Foul Ball, location: 2F 0-2: Foul Ball, location: 2F 0-2: Fly out, F7 (Flyball, 78D)
|
Batting: RHB John Downing
|
0-0: Called Strike 0-1: Ball 1-1: Called Strike 1-2: Ball 2-2: Strikes out looking
|
Top of the 6th over - 0 run(s), 1 hit(s), 0 error(s), 1 left on base; Athletic Club KC 1 - Buckhead 5 |
BOTTOM OF THE 6TH |
Buckhead Bowties batting - Pitching for Athletic Club KC : RHP John Kaufman
|
Batting: RHB Gabriel Rodríguez
|
0-0: Fly out, F4 (Popup, 9LS)
|
Batting: RHB Joe Andrews
|
0-0: Ball 1-0: Ball 2-0: Foul Ball, location: 2F 2-1: Ball 3-1: Foul Ball, location: 2F 3-2: Base on Balls
|
Batting: RHB Dave King
|
0-0: Ball 1-0: Swinging Strike 1-1: Fly out, F8 (Flyball, 8RXD)
|
Batting: RHB Greg Robinson
|
0-0: Swinging Strike 0-1: Swinging Strike 0-2: Ball 1-2: Ball 2-2: Foul Ball, location: 2F 2-2: Strikes out looking
|
Bottom of the 6th over - 0 run(s), 0 hit(s), 0 error(s), 1 left on base; Athletic Club KC 1 - Buckhead 5 |
TOP OF THE 7TH |
Athletic Club KC batting - Pitching for Buckhead Bowties : RHP Yin-fat Foong
|
Batting: RHB Ed Hopkins
|
0-0: Ball 1-0: Ball 2-0: Called Strike 2-1: Swinging Strike 2-2: Fly out, F4 (Popup, 4D)
|
Batting: RHB Rick Atkinson
|
0-0: Called Strike 0-1: Called Strike 0-2: Ball 1-2: Ball 2-2: Ball 3-2: Base on Balls
|
Batting: LHB Rafael García
|
0-0: Ball 1-0: Ball 2-0: Ball 3-0: Called Strike 3-1: Foul Ball, location: 2F 3-2: Strikes out swinging Rick Atkinson is caught stealing 2nd base Batter strikes out.
|
Top of the 7th over - 0 run(s), 0 hit(s), 0 error(s), 0 left on base; Athletic Club KC 1 - Buckhead 5 |
BOTTOM OF THE 7TH |
Buckhead Bowties batting - Pitching for Athletic Club KC : RHP John Kaufman
|
Batting: RHB Aaron Phillips
|
0-0: Fly out, F4 (Popup, 34)
|
Batting: LHB Neil Lawson
|
0-0: Swinging Strike 0-1: Ground out 6-3 (Groundball, 6M)
|
Batting: RHB Pedro Morales
|
0-0: Called Strike 0-1: Ball 1-1: Called Strike 1-2: Ball 2-2: Ground out 5-3 (Groundball, 5L)
|
Bottom of the 7th over - 0 run(s), 0 hit(s), 0 error(s), 0 left on base; Athletic Club KC 1 - Buckhead 5 |
TOP OF THE 8TH |
Athletic Club KC batting - Pitching for Buckhead Bowties : RHP Yin-fat Foong
|
Batting: LHB Bob Davis
|
0-0: Called Strike 0-1: Fly out, F7 (Flyball, 7M)
|
Batting: RHB Javier Díaz
|
0-0: Ball 1-0: Foul Ball, location: 2F 1-1: Swinging Strike 1-2: SINGLE (Flyball, 7LS)
|
Batting: RHB Jorge Trevino
|
0-0: Called Strike 0-1: Swinging Strike 0-2: Ball 1-2: Strikes out swinging
|
Batting: SHB David Henderson
|
0-0: Ball 1-0: Ground out U3 (Groundball, 3)
|
Top of the 8th over - 0 run(s), 1 hit(s), 0 error(s), 1 left on base; Athletic Club KC 1 - Buckhead 5 |
BOTTOM OF THE 8TH |
Buckhead Bowties batting - Pitching for Athletic Club KC : RHP John Kaufman
|
Batting: LHB Tony Martínez
|
0-0: Swinging Strike 0-1: Ball 1-1: Fly out, F9 (Flyball, 89M)
|
Batting: RHB Enrique Marroquín
|
0-0: Ground out 6-3 (Groundball, 6)
|
Batting: RHB Gabriel Rodríguez
|
0-0: Ball 1-0: Foul Ball, location: 2F 1-1: Called Strike 1-2: Ball 2-2: Strikes out swinging
|
Bottom of the 8th over - 0 run(s), 0 hit(s), 0 error(s), 0 left on base; Athletic Club KC 1 - Buckhead 5 |
TOP OF THE 9TH |
Athletic Club KC batting - Pitching for Buckhead Bowties : RHP Yin-fat Foong
|
Batting: RHB Ramón Souza
|
0-0: Called Strike 0-1: Foul Ball, location: 2F 0-2: Ball 1-2: Fly out, F8 (Flyball, 8RD)
|
Batting: RHB John Downing
|
0-0: Ball 1-0: Ball 2-0: Foul Ball, location: 2F 2-1: Swinging Strike 2-2: Strikes out swinging
|
Batting: RHB Ed Hopkins
|
0-0: Ball 1-0: Called Strike 1-1: Ball 2-1: Ground out 1-3 (Groundball, 13)
|
Top of the 9th over - 0 run(s), 0 hit(s), 0 error(s), 0 left on base; Athletic Club KC 1 - Buckhead 5 |
|